 Dungeon Crawl Stone Soup version 0.31.0-32-g396128a36d (webtiles) character file.

Game seed: 7528406940501699572

798 CrazyMerlyn the Covered (level 7, -9/62 HPs)
             Began as a Minotaur Fighter on Apr 12, 2024.
             Was a Follower of Nemelex Xobeh.
             Mangled by an ogre
             ... wielding a +0 giant club
              (12 damage)
             ... on level 5 of the Dungeon.
             The game lasted 00:19:24 (4630 turns).

CrazyMerlyn the Covered (Minotaur Fighter)          Turns: 4630, Time: 00:19:25

Health: -9/62      AC: 10    Str: 22    XL:     7   Next: 58%
Magic:  15/15      EV:  9    Int:  5    God:    Nemelex Xobeh [*.....]
Gold:   218        SH:  5    Dex: 10    Spells: 6/6 levels left

rFire   . . .        j - +2 dagger (venom)
rCold   . . .        c - +0 buckler
rNeg    . . .        s - +0 chain mail
rPois   .            (helmet restricted)
rElec   .            (no cloak)
rCorr   .            (no gloves)
SInv    .            (no boots)
Will    .....        (no amulet) Stlth
                     k - ring of magical power
HPRegen 0.30/turn    d - ring of wizardry
MPRegen 0.14/turn

%: wizardry (x1)
@: no status effects
A: horns 2, retaliatory headbutt
a: Renounce Religion, Draw Escape, Draw Destruction, Draw Summoning


You were on level 5 of the Dungeon.
You worshipped Nemelex Xobeh.
Nemelex Xobeh was aware of your devotion.
You visited 1 branch of the dungeon, and saw 7 of its levels.

You collected 218 gold pieces.

Inventory:

Hand Weapons
 a - a +0 long sword
 j - a +2 dagger of venom (weapon)
Missiles
 q - 2 throwing nets (quivered)
Armour
 c - a +0 buckler (worn)
 s - a +0 chain mail (worn)
Jewellery
 d - a ring of wizardry (right hand)
 k - a ring of magical power (left hand)
Wands
 v - a wand of polymorph (7)
Scrolls
 b - a scroll of blinking
 e - a scroll of teleportation
 f - a scroll of noise {unknown}
 g - a scroll of immolation
 m - a scroll of amnesia {unknown}
 n - 2 scrolls of fog {unknown}
 t - a scroll of enchant armour {unknown}
 u - a scroll of torment {unknown}
Potions
 h - 2 potions of attraction {unknown}
 i - 2 potions of curing
 l - a potion of brilliance {unknown}
 o - a potion of heal wounds
 p - 2 potions of magic {unknown}
 r - 3 potions of haste {unknown}


   Skills:
 + Level 5.7 Fighting
 + Level 1.9(3.3) Short Blades
 + Level 4.5(4.8) Long Blades
 + Level 7.2 Armour
 + Level 2.5 Dodging
 + Level 5.1 Shields


You had 6 spell levels left.
You didn't know any spells.
Your spell library contained the following spells:

 Spells                   Type           Power      Damage    Failure   Level
 Blink                    Tloc           0%         N/A       88%         2
 Ensorcelled Hibernation  Hex/Ice        0%         N/A       88%         2
 Lesser Beckoning         Tloc           0%         N/A       88%         2
 Momentum Strike          Conj/Tloc      0%         3d8       88%         2
 Call Canine Familiar     Summ           0%         N/A       98%         3
 Hailstorm                Conj/Ice       0%         3d5       98%         3
 Passwall                 Erth           0%         N/A       98%         3
 Sigil of Binding         Hex            0%         N/A       98%         3
 Summon Ice Beast         Ice/Summ       0%         N/A       98%         3
 Swiftness                Air            0%         N/A       98%         3
 Dimensional Bullseye     Hex/Tloc       0%         N/A       100%        4
 Sculpt Simulacrum        Ice/Alch       0%         N/A       100%        6
 Haunt                    Necr/Summ      0%         N/A       100%        7
 Borgnjor's Revivificati  Necr           0%         N/A       100%        8
 Death's Door             Necr           0%         N/A       100%        9


Dungeon Overview and Level Annotations

Branches:
Dungeon (7/15)
 Temple: D:4-7

Altars:
Kikubaaqudgha
Makhleb
Nemelex Xobeh
Sif Muna

Shops:
D:2 (


Innate Abilities, Weirdness & Mutations

You have a pair of horns on your head.
You reflexively headbutt those who attack you in melee.


Message History

The iguana is severely wounded.
The iguana barely misses you.
You hit the iguana but do no damage.
The iguana looks as sick as possible!
The iguana is almost dead.
You block the iguana's attack.
You hit the iguana.
The iguana looks as sick as possible!
The iguana is almost dead.
You kill the iguana!
Your Armour skill increases to level 7!
You hit the jelly.
Your hands burn!
The jelly is moderately wounded.
The jelly hits you but does no damage.
You hit the jelly.
The jelly is poisoned.
Your hands burn!
The jelly is heavily wounded.
You hit the jelly.
Your hands burn!
* * * LOW HITPOINT WARNING * * *
The jelly is almost dead.
The jelly hits you but does no damage.
You hit the jelly.
You kill the jelly!
You start resting.
An ogre is nearby!
The ogre shouts!
The ogre misses you.
You hit the ogre.
The ogre is poisoned.
The ogre is lightly wounded.
You barely miss the ogre. You headbutt the ogre!
The ogre is severely wounded.
The ogre barely misses you.
You barely miss the ogre.
The ogre is severely wounded.
The ogre hits you with a +0 giant club!!
* * * LOW HITPOINT WARNING * * *
You hit the ogre.
The ogre looks as sick as possible!
The ogre is almost dead.
You hit the ogre.
The ogre looks as sick as possible!
The ogre is almost dead.
The ogre hits you with a +0 giant club!
You die...
Your body disappears without a glow.

.###.#....# #..####...#..
.....#.#..# #.....#.....#
.......#..# #### ##.##...#....
..........#***##..## #.#######..#
######.#.##.B##....# #...........
.# #....#....'....#*##########.#
.####..###,,,,*#†.#*,,** #.#
.......####,,###O#'5...# #..
.####.##..#+##..@##....# ##.
...##.'....##.....##..## #####.
.#.##.#....#(.....)#*'#* #.....
...#..##.)##(..8..[#*,.#####'####
.###.####'##.......#,,,O#.......#
.......##†)##.....##,,,,#.......#
.......#....##...##+*,,*#........
.......#....'#'###,,****#.......#
g......##..##..##,,,,* ##.......


You could see an ogre (extremely poisoned).

Vanquished Creatures
  A phantom (D:5)
  A gnoll sergeant (D:5)
  A howler monkey (D:5)
  3 bombardier beetles
  2 hounds (D:5)
  4 jellies
  A sleepcap (D:5)
  3 iguanas (D:5)
  2 orc wizards
  4 gnolls
  6 adders
  A white imp (D:5)
  3 dart slugs
  2 ribbon worms (D:3)
  6 orcs
  4 endoplasms
  4 giant cockroaches
  7 goblins
  2 hobgoblins
  6 jackals
  8 kobolds
  A quokka (D:4)
  3 ball pythons
  10 bats
  3 frilled lizards (D:2)
  6 rats
94 creatures vanquished.

Notes
Turn   | Place    | Note
-------+----------+-------------------------------------------
     0 | D:1      | CrazyMerlyn the Minotaur Fighter began the quest for the
                  | Orb.
     0 | D:1      | Reached XP level 1. HP: 19/19 MP: 0/0
   101 | D:1      | Reached XP level 2. HP: 27/27 MP: 1/1
   502 | D:1      | Reached XP level 3. HP: 25/33 MP: 2/2
   972 | D:2      | Reached skill level 4 in Armour
  1160 | D:2      | Found Akhloecou's Antique Weapon Shop.
  1604 | D:3      | Reached XP level 4. HP: 41/41 MP: 3/3
  1913 | D:3      | Found a sparkling altar of Nemelex Xobeh.
  1913 | D:3      | Found an ancient bone altar of Kikubaaqudgha.
  1919 | D:3      | Became a worshipper of Nemelex Xobeh the Trickster
  1976 | D:4      | Reached skill level 1 in Dodging
  1987 | D:4      | You fall into a shaft and drop 3 floors!
  1994 | D:7      | Noticed a gnoll sergeant
  2098 | D:5      | Entered Level 5 of the Dungeon
  2129 | D:5      | Reached XP level 5. HP: 46/47 MP: 4/4
  2486 | D:4      | Reached skill level 1 in Short Blades
  2628 | D:4      | Reached * piety under Nemelex Xobeh
  2644 | D:4      | Received a gift from Nemelex Xobeh
  2805 | D:4      | Found a burning altar of Makhleb.
  2805 | D:4      | Found a shimmering blue altar of Sif Muna.
  3283 | D:5      | Reached skill level 5 in Armour
  3283 | D:5      | Reached XP level 6. HP: 32/53 MP: 5/5
  3580 | D:5      | Reached skill level 5 in Fighting
  4021 | D:5      | Reached skill level 6 in Armour
  4376 | D:5      | Reached XP level 7. HP: 55/61 MP: 6/6
  4437 | D:5      | Reached skill level 5 in Shields
  4446 | D:5      | HP: 1/61 [iguana (12)]
  4616 | D:5      | Reached skill level 7 in Armour
  4628 | D:5      | HP: 2/62 [ogre/+0 giant club (18)]
  4630 | D:5      | Mangled by an ogre

Illustrated notes

Levels and vault maps discovered:
D:1:      grunt_arrival_lava_bath, layout_loops_ring, minmay_door_square
D:2:      layout_loops_ring, serial_shops, shop
D:3:      layout_rooms, gammafunk_temple_overflow_wave
D:4:      nicolae_cairo_tiling, layout_basic, gammafunk_temple_overflow_elements
D:5:      minmay_bubble_buster, layout_basic, minmay_misc_feat_hallway,
          nicolae_grassy_gnolls
D:6:      layout_gridville, temple_fountains
D:7:      layout_cave_pools, ebering_ghost_inner_flame, uniq_maggie

Skill      XL: |  1  2  3  4  5  6  7 |
---------------+----------------------+-----
Fighting       | 4 5 |  5.7
Long Blades    | 3 4 |  4.5
Armour         | 4 5 6 7 |  7.2
Shields        | 4 5 |  5.1
Dodging        | 1 2 |  2.5
Short Blades   | 1 |  1.9

Action                     |  1- 3 |  4- 6 |  7- 9 || total
---------------------------+-------+-------+-------++-------
  Melee: Long sword        |    55 |       |       ||    55
         Headbutt          |    18 |    25 |     9 ||    52
         Dagger            |    68 |   135 |    54 ||   257
         Unarmed           |       |       |     1 ||     1
    Use: Scroll            |       |     8 |       ||     8
         Potion            |       |     3 |     1 ||     4
 Armour: Scale mail        |    86 |       |       ||    86
         Chain mail        |       |   118 |    37 ||   155
  Dodge: Dodged            |    60 |    43 |    14 ||   117
  Block: Buckler           |    34 |    25 |    11 ||    70
